[Event "Live Chess"]
[Site "Chess.com"]
[Date "2010.12.13"]
[Round "-"]
[White "hipposcottimus"]
[Black "onedaime"]
[Result "1-0"]
[CurrentPosition "8/p1p5/4Rp1p/2k5/1b6/6P1/5PKP/8 b - -"]
[Timezone "UTC"]
[ECO "C41"]
[ECOUrl "https://www.chess.com/openings/Philidor-Defense-3.Bc4-Nf6"]
[UTCDate "2010.12.13"]
[UTCTime "21:25:26"]
[WhiteElo "1657"]
[BlackElo "1532"]
[TimeControl "60"]
[Termination "hipposcottimus won on time"]
[StartTime "21:25:26"]
[EndDate "2010.12.13"]
[EndTime "21:27:45"]
[Link "https://www.chess.com/game/live/76998250"]

1. e4 e5 2. Nf3 d6 3. Bc4 Nf6 4. d4 h6 5. dxe5 dxe5 6. Qxd8+ Kxd8 7. Nxe5 Ke7 8. Nxf7 Rh7 9. e5 Be6 10. Bxe6 Kxe6 11. Nd8+ Kxe5 12. Nxb7 Nc6 13. Nc5 Nd4 14. Nd3+ Kd5 15. O-O Nxc2 16. Nc3+ Kd4 17. Rb1 Kxd3 18. Rd1+ Kc4 19. Rd2 Nb4 20. Nd1 Bc5 21. Ne3+ Kb5 22. a4+ Kxa4 23. b3+ Kb5 24. Nc4 Re8 25. Na3+ Kb6 26. Bb2 Nc6 27. Bxf6 gxf6 28. Nc4+ Kb5 29. Rd5 Rhe7 30. Na3+ Kb4 31. Rdd1 Na5 32. Nc2+ Kc3 33. Ne1 Rxe1+ 34. Rxe1 Rxe1+ 35. Rxe1 Bb4 36. Re3+ Kd4 37. g3 Kc5 38. Re2 Nxb3 39. Kg2 Nd4 40. Re4 Ne6 41. Rxe6 1-0

[Event "Live Chess"]
[Site "Chess.com"]
[Date "2010.12.13"]
[Round "-"]
[White "onedaime"]
[Black "hipposcottimus"]
[Result "0-1"]
[CurrentPosition "6k1/p4ppp/8/8/4P3/1Pq3P1/P2P2KP/8 w - -"]
[Timezone "UTC"]
[ECO "A00"]
[ECOUrl "https://www.chess.com/openings/Kings-Fianchetto-Opening-1...e5-2.Bg2-d5"]
[UTCDate "2010.12.13"]
[UTCTime "21:22:59"]
[WhiteElo "1537"]
[BlackElo "1652"]
[TimeControl "60"]
[Termination "hipposcottimus won on time"]
[StartTime "21:22:59"]
[EndDate "2010.12.13"]
[EndTime "21:25:12"]
[Link "https://www.chess.com/game/live/76997579"]

1. g3 e5 2. Bg2 d5 3. b3 c5 4. Bb2 d4 5. c3 Nf6 6. cxd4 exd4 7. e3 Qe7 8. Qe2 Qd6 9. exd4+ Be7 10. dxc5 Qxc5 11. Nc3 Be6 12. Nf3 O-O 13. O-O Bd6 14. Rac1 Bd5 15. Nd1 Qb6 16. Bd4 Qd8 17. Nc3 Re8 18. Qd3 Be4 19. Qc4 Nc6 20. Bxf6 Qxf6 21. Rfe1 Ne5 22. Nxe5 Bxg2 23. Kxg2 Bxe5 24. Ne4 Qf5 25. Nc5 Qc8 26. Rc2 Qc6+ 27. f3 b6 28. Rxe5 Rxe5 29. Nd3 Rc5 30. Qxc5 bxc5 31. Nxc5 Qf6 32. Rc3 Re8 33. Ne4 Rxe4 34. fxe4 Qxc3 0-1

[Event "Live Chess"]
[Site "Chess.com"]
[Date "2010.12.13"]
[Round "-"]
[White "hipposcottimus"]
[Black "onedaime"]
[Result "1-0"]
[CurrentPosition "8/4k3/5R2/1p2P3/2bP4/4K2P/1P4P1/8 b - -"]
[Timezone "UTC"]
[ECO "C02"]
[ECOUrl "https://www.chess.com/openings/French-Defense-Advance-Variation"]
[UTCDate "2010.12.13"]
[UTCTime "21:20:36"]
[WhiteElo "1646"]
[BlackElo "1543"]
[TimeControl "60"]
[Termination "hipposcottimus won by resignation"]
[StartTime "21:20:36"]
[EndDate "2010.12.13"]
[EndTime "21:22:40"]
[Link "https://www.chess.com/game/live/76996931"]

1. e4 e6 2. d4 d5 3. e5 Nc6 4. f4 f6 5. Nf3 fxe5 6. fxe5 b6 7. Bg5 Nge7 8. Be2 h6 9. Bh4 g5 10. Nxg5 hxg5 11. Bxg5 Bh6 12. Bf6 Rh7 13. O-O Bg7 14. Bh5+ Rxh5 15. Qxh5+ Kd7 16. Bxg7 Qg8 17. Bf6 Bb7 18. Bxe7 Kxe7 19. Rf7+ Qxf7 20. Qxf7+ Kxf7 21. Nc3 Rg8 22. Rf1+ Ke7 23. Nb5 a6 24. Nxc7 Kd7 25. Nxe6 Kxe6 26. Rf6+ Kd7 27. h3 Nxd4 28. c3 Ne2+ 29. Kf2 Nf4 30. Rxf4 b5 31. Rf6 d4 32. Rf7+ Kc8 33. cxd4 Bd5 34. Rf6 Bxa2 35. Rxa6 Rf8+ 36. Ke3 Bc4 37. Ra8+ Kd7 38. Rxf8 Ke7 39. Rf6 1-0

[Event "Live Chess"]
[Site "Chess.com"]
[Date "2010.12.13"]
[Round "-"]
[White "onedaime"]
[Black "hipposcottimus"]
[Result "0-1"]
[CurrentPosition "r5k1/ppp2ppp/8/8/1PPPp3/1PK1q3/1B4r1/RN6 w - -"]
[Timezone "UTC"]
[ECO "C57"]
[ECOUrl "https://www.chess.com/openings/Italian-Game-Knight-Attack-Polerio-Defense"]
[UTCDate "2010.12.13"]
[UTCTime "21:18:50"]
[WhiteElo "1549"]
[BlackElo "1640"]
[TimeControl "60"]
[Termination "hipposcottimus won by checkmate"]
[StartTime "21:18:50"]
[EndDate "2010.12.13"]
[EndTime "21:20:14"]
[Link "https://www.chess.com/game/live/76996497"]

1. e4 e5 2. Nf3 Nc6 3. Bc4 Nf6 4. Ng5 d5 5. exd5 Na5 6. Bb3 Nxb3 7. axb3 Nxd5 8. Nf3 Bd6 9. Qe2 Bg4 10. h3 Nf4 11. Qe3 Nxg2+ 12. Ke2 Nxe3 13. fxe3 Bxf3+ 14. Kxf3 O-O 15. Rg1 Qf6+ 16. Ke2 Rfe8 17. c3 e4 18. b4 Qh4 19. b3 Qxh3 20. Bb2 Qf3+ 21. Ke1 Bg3+ 22. Rxg3 Qxg3+ 23. Ke2 Qf3+ 24. Ke1 Re6 25. c4 Rg6 26. d4 Rg1+ 27. Kd2 Rg2+ 28. Kc3 Qxe3# 0-1

[Event "Live Chess"]
[Site "Chess.com"]
[Date "2010.12.13"]
[Round "-"]
[White "hipposcottimus"]
[Black "onedaime"]
[Result "1-0"]
[CurrentPosition "r1bk1b1Q/pppnRp2/3P2pp/8/2B2P2/8/PPP3PP/RNB3K1 w - -"]
[Timezone "UTC"]
[ECO "C41"]
[ECOUrl "https://www.chess.com/openings/Philidor-Defense-3.Bc4"]
[UTCDate "2010.12.13"]
[UTCTime "21:17:36"]
[WhiteElo "1634"]
[BlackElo "1555"]
[TimeControl "60"]
[Termination "hipposcottimus won by resignation"]
[StartTime "21:17:36"]
[EndDate "2010.12.13"]
[EndTime "21:18:28"]
[Link "https://www.chess.com/game/live/76996156"]

1. e4 e5 2. Nf3 d6 3. Bc4 h6 4. d4 exd4 5. Nxd4 Nc6 6. O-O Nxd4 7. Qxd4 Nf6 8. f4 g6 9. e5 Nd7 10. exd6 Be7 11. Qxh8+ Bf8 12. Re1+ Qe7 13. Rxe7+ Kd8 1-0

[Event "Live Chess"]
[Site "Chess.com"]
[Date "2010.12.13"]
[Round "-"]
[White "onedaime"]
[Black "hipposcottimus"]
[Result "1-0"]
[CurrentPosition "8/k1p1N2p/pp6/6B1/6P1/1P3B1P/P3K3/8 b - -"]
[Timezone "UTC"]
[ECO "C20"]
[ECOUrl "https://www.chess.com/openings/Kings-Pawn-Opening-Leonardis-Variation"]
[UTCDate "2010.12.13"]
[UTCTime "21:15:10"]
[WhiteElo "1561"]
[BlackElo "1627"]
[TimeControl "60"]
[Termination "onedaime won on time"]
[StartTime "21:15:10"]
[EndDate "2010.12.13"]
[EndTime "21:17:22"]
[Link "https://www.chess.com/game/live/76995434"]

1. e4 e5 2. d3 Nc6 3. Nf3 Nf6 4. g3 d5 5. Bg2 dxe4 6. dxe4 Qxd1+ 7. Kxd1 Nxe4 8. Ke2 Bg4 9. h3 Bh5 10. g4 Bg6 11. Nh4 Nd4+ 12. Kd1 Nxf2+ 13. Kd2 Nxh1 14. c3 Ng3 15. cxd4 e4 16. Nc3 O-O-O 17. b3 Rxd4+ 18. Ke3 Rd3+ 19. Kf2 Rxc3 20. Bb2 Bd6 21. Bxc3 e3+ 22. Kxe3 Re8+ 23. Kd2 Be4 24. Re1 Bf4+ 25. Kd1 Bf3+ 26. Bxf3 Ne2 27. Rxe2 Rd8+ 28. Ke1 Bd2+ 29. Bxd2 g5 30. Nf5 f6 31. Ne7+ Kb8 32. Bc3 Re8 33. Bxf6 b6 34. Ng6 Rxe2+ 35. Kxe2 a6 36. Ne7 Ka7 37. Bxg5 1-0

[Event "Live Chess"]
[Site "Chess.com"]
[Date "2010.12.13"]
[Round "-"]
[White "hipposcottimus"]
[Black "cyclone007"]
[Result "1-0"]
[CurrentPosition "1r1qkb1r/1p1bn1pp/3N1p2/4p3/4P3/1Q2BN2/PPP2PPP/3R1RK1 b k -"]
[Timezone "UTC"]
[ECO "A04"]
[ECOUrl "https://www.chess.com/openings/Reti-Opening-Arctic-Defense-2.e4"]
[UTCDate "2010.12.13"]
[UTCTime "21:12:56"]
[WhiteElo "1636"]
[BlackElo "1488"]
[TimeControl "60"]
[Termination "hipposcottimus won by checkmate"]
[StartTime "21:12:56"]
[EndDate "2010.12.13"]
[EndTime "21:13:58"]
[Link "https://www.chess.com/game/live/76994787"]

1. e4 f6 2. Nf3 e5 3. d4 Nc6 4. d5 Nce7 5. Bc4 c6 6. Bb3 cxd5 7. Bxd5 Nxd5 8. Qxd5 Rb8 9. O-O d6 10. Nc3 Qc7 11. Nb5 Qd7 12. Nxa7 Ne7 13. Qb3 Qc7 14. Nb5 Qb6 15. Be3 Qd8 16. Rad1 Bd7 17. Nxd6# 1-0

[Event "Live Chess"]
[Site "Chess.com"]
[Date "2010.12.13"]
[Round "-"]
[White "cyclone007"]
[Black "hipposcottimus"]
[Result "0-1"]
[CurrentPosition "2k2r2/ppp5/7p/6p1/6p1/4K3/P3r3/8 w - -"]
[Timezone "UTC"]
[ECO "C44"]
[ECOUrl "https://www.chess.com/openings/Kings-Pawn-Opening-Kings-Knight-Variation-2...Nc6-3.d3-Nf6"]
[UTCDate "2010.12.13"]
[UTCTime "21:10:20"]
[WhiteElo "1493"]
[BlackElo "1631"]
[TimeControl "60"]
[Termination "hipposcottimus won on time"]
[StartTime "21:10:20"]
[EndDate "2010.12.13"]
[EndTime "21:12:19"]
[Link "https://www.chess.com/game/live/76993962"]

1. e4 e5 2. Nf3 Nc6 3. d3 Nf6 4. c3 d5 5. b3 dxe4 6. dxe4 Qxd1+ 7. Kxd1 Nxe4 8. g3 Nxf2+ 9. Ke1 Nxh1 10. Bg2 Nxg3 11. hxg3 Bg4 12. Kf2 O-O-O 13. Nh4 f5 14. Bg5 Rd6 15. Nd2 h6 16. Nc4 Rd3 17. Bc1 Rxc3 18. Na5 Rc2+ 19. Kg1 Nxa5 20. b4 Bxb4 21. Be3 Bc5 22. Bxc5 Rxc5 23. Re1 g5 24. Ng6 Re8 25. Rb1 e4 26. Bf1 Nc4 27. Bxc4 Rxc4 28. Ra1 e3 29. Kg2 e2 30. Re1 Rc2 31. Kf2 Rg8 32. Ne5 Bh5 33. g4 Bxg4 34. Nxg4 fxg4 35. Rxe2 Rf8+ 36. Ke3 Rxe2+ 0-1

[Event "Live Chess"]
[Site "Chess.com"]
[Date "2010.12.13"]
[Round "-"]
[White "hipposcottimus"]
[Black "tejenTurkmen"]
[Result "1-0"]
[CurrentPosition "8/5kpp/5p2/8/8/1PQ5/2P2PPP/4K2R b K -"]
[Timezone "UTC"]
[ECO "C62"]
[ECOUrl "https://www.chess.com/openings/Ruy-Lopez-Opening-Old-Steinitz-Defense-4.Bxc6"]
[UTCDate "2010.12.13"]
[UTCTime "21:05:42"]
[WhiteElo "1626"]
[BlackElo "1391"]
[TimeControl "60"]
[Termination "hipposcottimus won by resignation"]
[StartTime "21:05:42"]
[EndDate "2010.12.13"]
[EndTime "21:07:38"]
[Link "https://www.chess.com/game/live/76992869"]

1. e4 e5 2. Nf3 Nc6 3. Bb5 d6 4. Bxc6+ bxc6 5. d4 exd4 6. Nxd4 Ba6 7. Nxc6 Qd7 8. Nb4 Bb5 9. a4 Bxa4 10. b3 Bb5 11. Na3 a5 12. Nxb5 Qxb5 13. Bd2 Nf6 14. Qe2 Be7 15. Qxb5+ Nd7 16. Rxa5 O-O 17. Rxa8 Nc5 18. Rxf8+ Bxf8 19. Nc6 Nxe4 20. Bf4 Nc3 21. Qb8 f6 22. Ne7+ Kf7 23. Nc8 Be7 24. Nxd6+ Bxd6 25. Bxd6 cxd6 26. Qxd6 Kg6 27. Qd3+ Kf7 28. Qxc3 1-0

[Event "Live Chess"]
[Site "Chess.com"]
[Date "2010.12.13"]
[Round "-"]
[White "tejenTurkmen"]
[Black "hipposcottimus"]
[Result "0-1"]
[CurrentPosition "8/7p/7k/6p1/8/7P/1r3q2/6K1 w - -"]
[Timezone "UTC"]
[ECO "C46"]
[ECOUrl "https://www.chess.com/openings/Three-Knights-Opening"]
[UTCDate "2010.12.13"]
[UTCTime "21:03:44"]
[WhiteElo "1394"]
[BlackElo "1623"]
[TimeControl "60"]
[Termination "hipposcottimus won by resignation"]
[StartTime "21:03:44"]
[EndDate "2010.12.13"]
[EndTime "21:05:28"]
[Link "https://www.chess.com/game/live/76992296"]

1. e4 e5 2. Nc3 Nc6 3. Nf3 Nf6 4. d3 Bb4 5. Be2 Bxc3+ 6. bxc3 d5 7. c4 dxc4 8. dxc4 Qxd1+ 9. Bxd1 Nd4 10. Nxd4 exd4 11. Bg5 Nxe4 12. Bf3 Nxg5 13. O-O Nxf3+ 14. gxf3 Bh3 15. Rfe1+ Be6 16. Rxe6+ fxe6 17. Re1 O-O 18. Rxe6 Rad8 19. Re7 d3 20. cxd3 Rxd3 21. Rxc7 Ra3 22. Rxb7 Rxa2 23. Rc7 a5 24. c5 a4 25. c6 a3 26. Rd7 Ra1+ 27. Kg2 Rb1 28. c7 a2 29. Rd8 a1=Q 30. Rxf8+ Kxf8 31. c8=Q+ Kf7 32. Qc4+ Kg6 33. Qe4+ Kh6 34. Qf4+ g5 35. Qf6+ Qxf6 36. h3 Rb3 37. Kg3 Qxf3+ 38. Kh2 Rb2 39. Kg1 Qxf2+ 0-1

[Event "Live Chess"]
[Site "Chess.com"]
[Date "2010.12.13"]
[Round "-"]
[White "hipposcottimus"]
[Black "tejenTurkmen"]
[Result "1-0"]
[CurrentPosition "r5k1/5ppp/8/8/8/q6P/p5PK/Q7 b - -"]
[Timezone "UTC"]
[ECO "C50"]
[ECOUrl "https://www.chess.com/openings/Italian-Game-3...d6-4.d4-exd4-5.Nxd4"]
[UTCDate "2010.12.13"]
[UTCTime "21:01:27"]
[WhiteElo "1620"]
[BlackElo "1397"]
[TimeControl "60"]
[Termination "hipposcottimus won on time"]
[StartTime "21:01:27"]
[EndDate "2010.12.13"]
[EndTime "21:03:32"]
[Link "https://www.chess.com/game/live/76991595"]

1. e4 e5 2. Nf3 Nc6 3. Bc4 d6 4. d4 exd4 5. Nxd4 Nxd4 6. Qxd4 Nf6 7. Bg5 Be7 8. Bxf6 Bxf6 9. Qd5 Be6 10. Qd3 Bxc4 11. Qxc4 Bxb2 12. c3 Bxa1 13. O-O O-O 14. f4 Qf6 15. e5 dxe5 16. fxe5 Qxe5 17. Rf3 Qe1+ 18. Rf1 Qe3+ 19. Kh1 a6 20. a4 b6 21. Qa2 Bxc3 22. Nxc3 Qxc3 23. Qf2 Qc4 24. Qg3 Qxa4 25. Qxc7 Rac8 26. Qxb6 a5 27. Qf2 Qb5 28. h3 a4 29. Kh2 a3 30. Qa2 Ra8 31. Ra1 Qa4 32. Qe2 a2 33. Qb2 Rfb8 34. Qe2 Rb2 35. Qe1 Qa3 36. Qd1 Rb1 37. Qd4 Rxa1 38. Qxa1 1-0

[Event "Live Chess"]
[Site "Chess.com"]
[Date "2010.12.13"]
[Round "-"]
[White "hipposcottimus"]
[Black "Edanie"]
[Result "0-1"]
[CurrentPosition "3r2k1/7p/p5p1/8/4p3/4K3/P1r1R1PP/3n4 w - -"]
[Timezone "UTC"]
[ECO "B40"]
[ECOUrl "https://www.chess.com/openings/Sicilian-Defense-French-Variation"]
[UTCDate "2010.12.13"]
[UTCTime "20:58:48"]
[WhiteElo "1616"]
[BlackElo "1861"]
[TimeControl "60"]
[Termination "Edanie won on time"]
[StartTime "20:58:48"]
[EndDate "2010.12.13"]
[EndTime "21:01:02"]
[Link "https://www.chess.com/game/live/76990808"]

1. e4 c5 2. Nf3 e6 3. Bb5 Nc6 4. Be2 a6 5. d4 Nf6 6. e5 Nd5 7. dxc5 Bxc5 8. Bc4 Qb6 9. Bxd5 Bxf2+ 10. Ke2 exd5 11. Rf1 Bc5 12. Qd3 O-O 13. Nc3 g6 14. Be3 Bxe3 15. Qxe3 Qxb2 16. Kf2 d4 17. Kg1 dxe3 18. Na4 Qxc2 19. Nb6 Rb8 20. Ne1 Qc5 21. Na4 e2+ 22. Rf2 Nxe5 23. Nxc5 b5 24. Rxe2 Nc4 25. Rf2 d5 26. Nf3 Be6 27. Ne5 Rb6 28. Nxe6 fxe6 29. Nd3 Rd6 30. Rb1 Rb8 31. Nb2 Rc6 32. Nxc4 bxc4 33. Re1 Rbc8 34. Rfe2 Re8 35. Rf2 d4 36. Ref1 d3 37. Rf3 e5 38. Rd1 e4 39. Re3 c3 40. Kf2 c2 41. Rc1 d2 42. Rxc2 Rxc2 43. Re2 Rd8 44. Ke3 d1=N+ 0-1

[Event "Live Chess"]
[Site "Chess.com"]
[Date "2010.12.13"]
[Round "-"]
[White "fatfishfive"]
[Black "hipposcottimus"]
[Result "1-0"]
[CurrentPosition "B7/p3RQ2/n1p2kp1/4R3/1P6/P4PP1/8/6K1 b - -"]
[Timezone "UTC"]
[ECO "A20"]
[ECOUrl "https://www.chess.com/openings/English-Opening-Kings-English-Variation-2.e3"]
[UTCDate "2010.12.13"]
[UTCTime "20:56:12"]
[WhiteElo "1507"]
[BlackElo "1619"]
[TimeControl "60"]
[Termination "fatfishfive won by checkmate"]
[StartTime "20:56:12"]
[EndDate "2010.12.13"]
[EndTime "20:57:58"]
[Link "https://www.chess.com/game/live/76990137"]

1. e3 e5 2. c4 Nf6 3. g3 d5 4. cxd5 Nxd5 5. Bg2 Nf6 6. Nc3 e4 7. Nxe4 Bf5 8. Nxf6+ Qxf6 9. Bxb7 c6 10. Bxa8 Be4 11. f3 Bg6 12. Rb1 Bb4 13. a3 Ba5 14. b4 Bb6 15. Bb2 O-O 16. Bxf6 gxf6 17. Nh3 Re8 18. Nf4 f5 19. Nxg6 fxg6 20. O-O Bxe3+ 21. dxe3 Rxe3 22. Qd8+ Re8 23. Qxe8+ Kg7 24. Rfe1 Kh6 25. Re7 Kh5 26. Qh8 Kg5 27. Qxh7 f4 28. Rbe1 fxg3 29. hxg3 Na6 30. R1e5+ Kf6 31. Qf7# 1-0

[Event "Live Chess"]
[Site "Chess.com"]
[Date "2010.12.13"]
[Round "-"]
[White "hipposcottimus"]
[Black "MrPunisher2010"]
[Result "1-0"]
[CurrentPosition "8/8/p1kQ4/2P3p1/8/P7/6PP/6K1 b - -"]
[Timezone "UTC"]
[ECO "C00"]
[ECOUrl "https://www.chess.com/openings/French-Defense-Knight-Variation"]
[UTCDate "2010.12.13"]
[UTCTime "20:53:56"]
[WhiteElo "1629"]
[BlackElo "1495"]
[TimeControl "60"]
[Termination "hipposcottimus won on time"]
[StartTime "20:53:56"]
[EndDate "2010.12.13"]
[EndTime "20:55:53"]
[Link "https://www.chess.com/game/live/76989511"]

1. e4 e6 2. Nf3 c6 3. e5 d5 4. exd6 Qxd6 5. d4 c5 6. Nc3 cxd4 7. Nxd4 e5 8. Bb5+ Bd7 9. Bxd7+ Nxd7 10. Nf5 g6 11. Nxd6+ Bxd6 12. O-O Be7 13. Re1 Rd8 14. f4 f6 15. Qe2 exf4 16. Bxf4 g5 17. Bc7 Rc8 18. Bg3 Ne5 19. Bxe5 fxe5 20. Qxe5 Nf6 21. Nd5 Nxd5 22. Qxd5 Rc7 23. Qe6 Rf8 24. Re2 Rf7 25. Rae1 Rd7 26. Qh6 Kd8 27. Qe6 Rd6 28. Qb3 Bf8 29. c3 Re7 30. Rxe7 Bxe7 31. Rd1 Rxd1+ 32. Qxd1+ Ke8 33. Qh5+ Kd8 34. Qxh7 Kd7 35. Qh8 b6 36. Qd4+ Bd6 37. b4 Kc6 38. a3 Kd7 39. c4 a6 40. c5 bxc5 41. bxc5 Kc6 42. Qxd6+ 1-0

[Event "Live Chess"]
[Site "Chess.com"]
[Date "2010.12.13"]
[Round "-"]
[White "jknipe33"]
[Black "hipposcottimus"]
[Result "0-1"]
[CurrentPosition "1q5k/p1R2Qpp/1p3n2/4p3/1b5P/1P6/PKP3P1/8 w - -"]
[Timezone "UTC"]
[ECO "C47"]
[ECOUrl "https://www.chess.com/openings/Four-Knights-Game"]
[UTCDate "2010.12.13"]
[UTCTime "20:51:41"]
[WhiteElo "1382"]
[BlackElo "1624"]
[TimeControl "60"]
[Termination "hipposcottimus won on time"]
[StartTime "20:51:41"]
[EndDate "2010.12.13"]
[EndTime "20:53:41"]
[Link "https://www.chess.com/game/live/76988817"]

1. e4 e5 2. Nf3 Nc6 3. Nc3 Nf6 4. d3 d5 5. Be3 d4 6. Nd5 dxe3 7. fxe3 Nxd5 8. exd5 Qxd5 9. e4 Qd8 10. Qd2 Bd6 11. O-O-O O-O 12. Kb1 f5 13. b3 fxe4 14. dxe4 Qf6 15. Bb5 Nd4 16. Bc4+ Be6 17. Bxe6+ Nxe6 18. Rde1 Nc5 19. Qc3 Qd8 20. Qc4+ Kh8 21. Ref1 b6 22. h4 Qc8 23. Ng5 Qb7 24. Rxf8+ Rxf8 25. Nf7+ Rxf7 26. Qxf7 Qb8 27. Rf1 Nxe4 28. Rf5 Nd2+ 29. Kb2 Ne4 30. Rf3 Nd2 31. Rd3 Bb4 32. Rd7 Ne4 33. Rxc7 Nf6 0-1

[Event "Live Chess"]
[Site "Chess.com"]
[Date "2010.12.13"]
[Round "-"]
[White "GeraudMoulas"]
[Black "hipposcottimus"]
[Result "1-0"]
[CurrentPosition "8/8/8/6Q1/7P/P5Qk/1P6/2K5 b - -"]
[Timezone "UTC"]
[ECO "D10"]
[ECOUrl "https://www.chess.com/openings/Slav-Defense-3.Nc3"]
[UTCDate "2010.12.13"]
[UTCTime "18:19:05"]
[WhiteElo "1648"]
[BlackElo "1621"]
[TimeControl "60"]
[Termination "GeraudMoulas won by checkmate"]
[StartTime "18:19:05"]
[EndDate "2010.12.13"]
[EndTime "18:20:58"]
[Link "https://www.chess.com/game/live/76946624"]

1. d4 d5 2. c4 c6 3. Nc3 Nd7 4. e3 e6 5. Bd3 Ngf6 6. Bd2 Bb4 7. Qc2 Bxc3 8. Bxc3 O-O 9. O-O-O Nb6 10. c5 Nbd7 11. Nf3 b6 12. Ne5 bxc5 13. Nxc6 Qc7 14. Ne7+ Kh8 15. dxc5 Nxc5 16. Nxc8 Qxc8 17. Bxf6 gxf6 18. Kb1 Qc6 19. a3 Rac8 20. Rc1 Qb5 21. Qd1 Nxd3 22. Rxc8 Rxc8 23. Qe2 Rc1+ 24. Rxc1 Nxc1 25. Qxb5 a6 26. Qe8+ Kg7 27. Qe7 Kg6 28. Kxc1 f5 29. Qa7 e5 30. Qxa6+ Kg5 31. Qd6 f6 32. Qxd5 h6 33. Qf3 f4 34. h4+ Kf5 35. e4+ Ke6 36. Qg4+ Kd6 37. Qg7 Kc5 38. Qxf6 Kd4 39. Qf5 Kd3 40. f3 Ke2 41. Qxe5 Kf2 42. Qxf4 Kxg2 43. Qxh6 Kxf3 44. e5 Kg3 45. e6 Kh3 46. e7 Kh2 47. e8=Q Kh3 48. Qg5 Kh2 49. Qe1 Kh3 50. Qeg3# 1-0

[Event "Live Chess"]
[Site "Chess.com"]
[Date "2010.12.13"]
[Round "-"]
[White "hipposcottimus"]
[Black "GeraudMoulas"]
[Result "0-1"]
[CurrentPosition "8/3b2k1/2p1r2p/p2n4/P2P2K1/R2Br1P1/2P3PP/8 w - -"]
[Timezone "UTC"]
[ECO "B01"]
[ECOUrl "https://www.chess.com/openings/Scandinavian-Defense-Mieses-Kotrc-Variation-3.Nc3-Qd8-4.d4-Nf6-5.Nf3"]
[UTCDate "2010.12.13"]
[UTCTime "18:16:40"]
[WhiteElo "1621"]
[BlackElo "1648"]
[TimeControl "60"]
[Termination "GeraudMoulas won on time"]
[StartTime "18:16:40"]
[EndDate "2010.12.13"]
[EndTime "18:18:54"]
[Link "https://www.chess.com/game/live/76945941"]

1. e4 d5 2. exd5 Qxd5 3. Nc3 Qd8 4. d4 Nf6 5. Nf3 e6 6. Bg5 Bb4 7. Be2 Bxc3+ 8. bxc3 O-O 9. O-O Nbd7 10. Bd3 h6 11. Bh4 Qe8 12. Re1 Nb6 13. Qe2 Nh5 14. Qe4 g6 15. Ne5 Ng7 16. Nxg6 fxg6 17. Qxg6 Qxg6 18. Bxg6 Nf5 19. Bg3 Nxg3 20. fxg3 Nd5 21. Rxe6 Bxe6 22. Re1 Bd7 23. Be4 Nxc3 24. Bxb7 Rae8 25. Rc1 c6 26. Ba6 Rf6 27. Bc4+ Kg7 28. a4 Nd5 29. Ra1 a5 30. Rd1 Re3 31. Bd3 Nc3 32. Ra1 Rfe6 33. Ra3 Re1+ 34. Kf2 R1e2+ 35. Kf3 R2e3+ 36. Kg4 Nd5 0-1

[Event "Live Chess"]
[Site "Chess.com"]
[Date "2010.12.13"]
[Round "-"]
[White "sailing"]
[Black "hipposcottimus"]
[Result "0-1"]
[CurrentPosition "6k1/p3q1pp/8/8/K6P/1pr5/8/8 w - -"]
[Timezone "UTC"]
[ECO "D00"]
[ECOUrl "https://www.chess.com/openings/Queens-Pawn-Opening-Accelerated-London-System-2...c6-3.e3"]
[UTCDate "2010.12.13"]
[UTCTime "18:13:55"]
[WhiteElo "1614"]
[BlackElo "1613"]
[TimeControl "60"]
[Termination "hipposcottimus won on time"]
[StartTime "18:13:55"]
[EndDate "2010.12.13"]
[EndTime "18:16:01"]
[Link "https://www.chess.com/game/live/76945125"]

1. d4 d5 2. Bf4 c6 3. e3 e6 4. Nf3 Bd6 5. Bxd6 Qxd6 6. h3 Nf6 7. Nc3 O-O 8. a3 b6 9. Bd3 Ba6 10. Bxa6 Nxa6 11. Qe2 c5 12. Qxa6 cxd4 13. exd4 Ne4 14. Qd3 f5 15. Nxe4 fxe4 16. Qe2 exf3 17. gxf3 Qe7 18. O-O-O Rf7 19. Rhe1 Raf8 20. Qxe6 Qc7 21. Qd6 Qc4 22. Qe5 Rf5 23. Rd3 Rxe5 24. Rc3 Qxd4 25. Rd3 Rxe1+ 26. Kd2 Qxf2+ 27. Kc3 Re3 28. Rxe3 Qxe3+ 29. Kb4 Rxf3 30. c3 Qe2 31. Kb3 Qe3 32. Kb4 d4 33. cxd4 Qxd4+ 34. Kb5 Qxb2+ 35. Ka6 Qxa3+ 36. Kb7 Rd3 37. h4 Qe7+ 38. Ka6 Ra3+ 39. Kb5 Qe5+ 40. Kc6 Rc3+ 41. Kb7 Qe7+ 42. Ka6 b5 43. Ka5 b4 44. Ka4 b3 0-1

[Event "Live Chess"]
[Site "Chess.com"]
[Date "2010.12.13"]
[Round "-"]
[White "richietamil"]
[Black "hipposcottimus"]
[Result "0-1"]
[CurrentPosition "r3k1nr/ppp2ppp/2n2q2/4p3/4B1b1/5N2/PPPP1PP1/RNB1K2R w KQkq -"]
[Timezone "UTC"]
[ECO "A00"]
[ECOUrl "https://www.chess.com/openings/Vant-Kruijs-Opening-1...d5"]
[UTCDate "2010.12.13"]
[UTCTime "18:12:43"]
[WhiteElo "1401"]
[BlackElo "1605"]
[TimeControl "60"]
[Termination "hipposcottimus won on time"]
[StartTime "18:12:43"]
[EndDate "2010.12.13"]
[EndTime "18:13:19"]
[Link "https://www.chess.com/game/live/76944623"]

1. e3 d5 2. Qh5 e6 3. Qe5 Nc6 4. Qg3 Qf6 5. Nf3 Bd6 6. Bd3 Bxg3 7. hxg3 e5 8. e4 dxe4 9. Bxe4 Bf5 10. g4 Bxg4 0-1

[Event "Live Chess"]
[Site "Chess.com"]
[Date "2010.12.13"]
[Round "-"]
[White "hipposcottimus"]
[Black "richietamil"]
[Result "1-0"]
[CurrentPosition "8/5P2/1p5R/kb4K1/1q6/8/P5PP/8 b - -"]
[Timezone "UTC"]
[ECO "B00"]
[ECOUrl "https://www.chess.com/openings/Owens-Defense"]
[UTCDate "2010.12.13"]
[UTCTime "18:09:22"]
[WhiteElo "1601"]
[BlackElo "1405"]
[TimeControl "60"]
[Termination "hipposcottimus won on time"]
[StartTime "18:09:22"]
[EndDate "2010.12.13"]
[EndTime "18:11:42"]
[Link "https://www.chess.com/game/live/76943903"]

1. e4 b6 2. Nf3 c6 3. d3 d6 4. c3 Bb7 5. d4 Nd7 6. e5 Qc7 7. e6 fxe6 8. Qe2 O-O-O 9. Qxe6 Nf6 10. Bg5 h6 11. Bh4 g5 12. Bg3 Bg7 13. Bc4 Rhe8 14. Bb3 Nd5 15. c4 Nf4 16. Bxf4 gxf4 17. O-O Rf8 18. c5 Rf6 19. cxd6 exd6 20. Qe7 Bf8 21. Qh7 Re8 22. Qc2 Re7 23. Nc3 Rfe6 24. d5 cxd5 25. Nxd5 Qxc2 26. Nxe7+ Bxe7 27. Bxc2 Nc5 28. Bf5 d5 29. Bxe6+ Nxe6 30. Rfd1 d4 31. Nxd4 Nxd4 32. Rxd4 Kb8 33. Rd2 Bc5 34. Rad1 a5 35. Rd8+ Ka7 36. R8d4 Bxd4 37. Rxd4 Ka6 38. Rxf4 Bc6 39. Rh4 Bb5 40. Rxh6 a4 41. f4 Ka5 42. f5 a3 43. f6 axb2 44. f7 b1=Q+ 45. Kf2 Qb2+ 46. Kg3 Qb3+ 47. Kh4 Qb4+ 48. Kg5 1-0